| TOP OF THE 1ST |
|
Salt Lake City Bees batting - Pitching for Spokane Indians : LHP Joe Hesketh
|
|
Pitching: LHP Joe Hesketh
|
|
|
Batting: LHB Mike Cole
|
0-0: Swinging Strike 0-1: Swinging Strike 0-2: Ball 1-2: Strikes out swinging
|
|
Batting: RHB Robert Potts
|
0-0: Called Strike 0-1: Fly out, F6 (Popup, 6, EV 55.0 MPH)
|
|
Batting: LHB Eric Attaway
|
0-0: Ball 1-0: Called Strike 1-1: Foul Ball, location: 2F 1-2: Ball 2-2: Foul Ball, location: 2F 2-2: Foul Ball, location: 2F 2-2: Foul Ball, location: 2F 2-2: Ball 3-2: SINGLE (Groundball, P, EV 83.1 MPH) (infield hit)
|
|
Batting: LHB Thomas Dorsey
|
0-0: Called Strike 0-1: Ball 1-1: Ball 2-1: Ball 3-1: DOUBLE (Line Drive, 78XD, EV 110.6 MPH) Eric Attaway to third Runner from 3rd tries for Home, SAFE, throw by CF to trailing runner, OUT at third! 8-3-5
|
| Top of the 1st over - 1 run, 2 hits, 0 errors, 0 left on base; Salt Lake City 1 - Spokane 0 |
| BOTTOM OF THE 1ST |
|
Spokane Indians batting - Pitching for Salt Lake City Bees : RHP Ed Nunez
|
|
Pitching: RHP Ed Nunez
|
|
|
Batting: SHB Jose Oquendo
|
0-0: Ball 1-0: Ball 2-0: Ball 3-0: Called Strike 3-1: Foul Ball, location: 2F 3-2: SINGLE (Line Drive, 89S, EV 105.6 MPH)
|
|
Batting: LHB Stu Pederson
|
0-0: Called Strike 0-1: Fly out, F8 (Flyball, 8RM, EV 89.4 MPH)
|
|
Batting: SHB Mark Gillaspie
|
0-0: Ball Jose Oquendo is caught stealing 2nd base 2-6 1-0: Swinging Strike 1-1: Foul Ball, location: 2F 1-2: Foul Ball, location: 2F 1-2: Foul Ball, location: 2F 1-2: Ball 2-2: Ball 3-2: Base on Balls
|
|
Batting: LHB Dave Stockstill
|
0-0: Ball Mark Gillaspie steals 2nd base 1-0: Ball 2-0: Called Strike 2-1: Swinging Strike 2-2: Ball 3-2: Foul Ball, location: 2F 3-2: Base on Balls
|
|
Batting: RHB Jeffrey Ronk
|
0-0: Ball 1-0: Foul Ball, location: 2F 1-1: Ball 2-1: Called Strike 2-2: Ball 3-2: Base on Balls Mark Gillaspie to third Dave Stockstill to second
|
|
Batting: RHB Craig Landis
|
0-0: Ball 1-0: Called Strike 1-1: Fielders Choice at 2nd, 6-4 (Groundball, 56, EV 100.0 MPH)
|
| Bottom of the 1st over - 0 runs, 1 hit, 0 errors, 3 left on base; Salt Lake City 1 - Spokane 0 |
| TOP OF THE 2ND |
|
Salt Lake City Bees batting - Pitching for Spokane Indians : LHP Joe Hesketh
|
|
Batting: RHB William Cole
|
0-0: Ball 1-0: Fly out, F6 (Popup, 56D, EV 68.8 MPH)
|
|
Batting: RHB Darnell Coles
|
0-0: Ball 1-0: Ball 2-0: Ball 3-0: Fly out, F8 (Flyball, 8LS, EV 95.6 MPH)
|
|
Batting: RHB Darrell Miller
|
0-0: SINGLE (Flyball, 34D, EV 90.0 MPH)
|
|
Batting: RHB Reid Nichols
|
0-0: Ball 1-0: Foul Ball, location: 2F 1-1: Foul Ball, location: 2F 1-2: Foul Ball, location: 2F 1-2: Foul Ball, location: 2F 1-2: Strikes out looking
|
| Top of the 2nd over - 0 runs, 1 hit, 0 errors, 1 left on base; Salt Lake City 1 - Spokane 0 |
| BOTTOM OF THE 2ND |
|
Spokane Indians batting - Pitching for Salt Lake City Bees : RHP Ed Nunez
|
|
Batting: RHB John Hanley
|
0-0: Ball 1-0: Ball 2-0: Ball 3-0: Base on Balls
|
|
Batting: RHB John Almon
|
0-0: Called Strike 0-1: Swinging Strike 0-2: Ball 1-2: Fly out, F8 (Flyball, 78D, EV 105.6 MPH)
|
|
Batting: RHB Larry Fobbs
|
0-0: Ball 1-0: Ball 2-0: Ball 3-0: Called Strike 3-1: Foul Ball, location: 2F 3-2: Base on Balls John Hanley to second
|
|
Batting: SHB Jose Oquendo
|
0-0: Ball 1-0: Foul Ball, location: 2F 1-1: Ball 2-1: Ball 3-1: Base on Balls John Hanley to third Larry Fobbs to second
|
|
Batting: LHB Stu Pederson
|
0-0: Ball 1-0: Foul Ball, location: 2F 1-1: Ball 2-1: Foul Ball, location: 2F 2-2: SINGLE (Groundball, 34S, EV 66.9 MPH) (infield hit) John Hanley scores Larry Fobbs to third Jose Oquendo to second
|
|
Batting: SHB Mark Gillaspie
|
0-0: DOUBLE (Line Drive, 78D, EV 113.1 MPH) Larry Fobbs scores Jose Oquendo scores Stu Pederson to third Runner from 3rd tries for Home, SAFE, no throw by LF
|
|
Batting: LHB Dave Stockstill
|
0-0: SINGLE (Line Drive, 89S, EV 103.8 MPH) Mark Gillaspie to third
|
|
Batting: RHB Jeffrey Ronk
|
0-0: Ball 1-0: Ball 2-0: Called Strike 2-1: Called Strike 2-2: Ball 3-2: Base on Balls Dave Stockstill to second
|
|
Pitching: RHP Donnie Hill
|
|
|
Batting: RHB Craig Landis
|
0-0: Fly out, F7 (Flyball, 7LM, EV 91.3 MPH) Runner from 3rd tags up, OUT at HOME! 7-2
|
| Bottom of the 2nd over - 4 runs, 3 hits, 0 errors, 2 left on base; Salt Lake City 1 - Spokane 4 |
| TOP OF THE 3RD |
|
Salt Lake City Bees batting - Pitching for Spokane Indians : LHP Joe Hesketh
|
|
Batting: RHB Antonio Baca
|
0-0: Called Strike 0-1: Ball 1-1: Called Strike 1-2: Foul Ball, location: 2F 1-2: Fly out, F7 (Line Drive, 7, EV 109.4 MPH)
|
|
Batting: LHB Mike Cole
|
0-0: Ball 1-0: Ball 2-0: Ball 3-0: Base on Balls
|
|
Batting: RHB Robert Potts
|
0-0: Ball Wild Pitch! Mike Cole to second 1-0: Foul Ball, location: 2F 1-1: Called Strike 1-2: Ball 2-2: SINGLE (Groundball, 34D, EV 98.8 MPH) Mike Cole to third Runner from 3rd tries for Home, SAFE, throw by RF to home Robert Potts to second
|
|
Batting: LHB Eric Attaway
|
0-0: Ground out 1-3 (Groundball, 13S, EV 72.5 MPH) Robert Potts to third
|
|
Batting: LHB Thomas Dorsey
|
0-0: Called Strike 0-1: Ball 1-1: Reached on error, E6 (Groundball, 6, EV 100.6 MPH) Robert Potts scores
|
|
Batting: RHB William Cole
|
0-0: Called Strike 0-1: Foul Ball, location: 2F 0-2: Ball 1-2: Reached on error, E4 (Groundball, 4, EV 89.4 MPH) Thomas Dorsey to third
|
|
Batting: RHB Darnell Coles
|
0-0: Called Strike 0-1: Ball 1-1: SINGLE (Groundball, 3D, EV 108.1 MPH) Thomas Dorsey scores William Cole to third Runner from 3rd tries for Home, SAFE, throw by RF to home
|
|
Batting: RHB Darrell Miller
|
0-0: Swinging Strike 0-1: Ball 1-1: Foul Ball, location: 2F 1-2: Ball Darnell Coles steals 2nd base 2-2: Ball 3-2: Ground out 6-3 (Groundball, 6, EV 77.5 MPH)
|
| Top of the 3rd over - 4 runs, 2 hits, 2 errors, 1 left on base; Salt Lake City 5 - Spokane 4 |
| BOTTOM OF THE 3RD |
|
Spokane Indians batting - Pitching for Salt Lake City Bees : RHP Donnie Hill
|
|
Batting: RHB John Hanley
|
0-0: Foul Ball, location: 2F 0-1: Ball 1-1: Foul Ball, location: 2F 1-2: Ground out 5-3 (Groundball, 56S, EV 68.1 MPH)
|
|
Batting: RHB John Almon
|
0-0: Ball 1-0: Called Strike 1-1: Ball 2-1: Ball 3-1: Called Strike 3-2: Base on Balls
|
|
Batting: RHB Larry Fobbs
|
0-0: Ball 1-0: Called Strike 1-1: Ball John Almon steals 2nd base 2-1: Foul Ball, location: 2F 2-2: Fly out, F9 (Flyball, 89D, EV 100.0 MPH) Runner from 2nd tags up, SAFE at 3rd, no throw by RF
|
|
Batting: SHB Jose Oquendo
|
0-0: Ball 1-0: SINGLE (Line Drive, 7S, EV 96.9 MPH) John Almon scores
|
|
Batting: LHB Stu Pederson
|
0-0: Called Strike 0-1: SINGLE (Groundball, 6D, EV 108.1 MPH) Jose Oquendo to second Runner from 2nd tries for 3rd, SAFE, no throw by LF
|
|
Batting: SHB Mark Gillaspie
|
0-0: Ball 1-0: Called Strike 1-1: Ball Wild Pitch! Jose Oquendo scores Stu Pederson to second 2-1: Fly out, F9 (Flyball, 89D, EV 96.9 MPH)
|
| Bottom of the 3rd over - 2 runs, 2 hits, 0 errors, 1 left on base; Salt Lake City 5 - Spokane 6 |
| TOP OF THE 4TH |
|
Salt Lake City Bees batting - Pitching for Spokane Indians : LHP Joe Hesketh
|
|
Batting: RHB Reid Nichols
|
0-0: Called Strike 0-1: Foul Ball, location: 2F 0-2: Ball 1-2: Ball 2-2: Strikes out looking
|
|
Batting: RHB Antonio Baca
|
0-0: Ball 1-0: Reached on error, E5 (Groundball, 56S, EV 78.1 MPH)
|
|
Batting: LHB Mike Cole
|
0-0: Ball 1-0: SINGLE (Groundball, 6M, EV 93.8 MPH) (infield hit) Antonio Baca to second
|
|
Batting: RHB Robert Potts
|
0-0: Ball 1-0: SINGLE (Flyball, 9S, EV 85.0 MPH) Antonio Baca to third Mike Cole to second Runner from 3rd tries for Home, SAFE, throw by RF to home
|
|
Batting: LHB Eric Attaway
|
0-0: Called Strike 0-1: Foul Ball, location: 2F 0-2: Ball 1-2: Ball 2-2: Ball Wild Pitch! Mike Cole to third Robert Potts to second 3-2: SINGLE (Flyball, 5D, EV 88.8 MPH) Mike Cole scores Robert Potts to third Runner from 3rd tries for Home, SAFE, throw by LF to home
|
|
Pitching: RHP Rich Aspenleiter
|
|
|
Batting: LHB Thomas Dorsey
|
0-0: Ball 1-0: Ball 2-0: Ball 3-0: Called Strike 3-1: Base on Balls Eric Attaway to second
|
|
Batting: RHB William Cole
|
0-0: Swinging Strike 0-1: Foul Ball, location: 2F 0-2: Ball 1-2: Ball 2-2: Ball 3-2: Base on Balls Eric Attaway to third Thomas Dorsey to second
|
|
Batting: RHB Darnell Coles
|
0-0: Called Strike 0-1: Ball 1-1: Foul Ball, location: 2F 1-2: Strikes out swinging
|
|
Batting: RHB Darrell Miller
|
0-0: Ball 1-0: Ball 2-0: Called Strike 2-1: Foul Ball, location: 2F 2-2: Strikes out swinging
|
| Top of the 4th over - 3 runs, 3 hits, 1 error, 3 left on base; Salt Lake City 8 - Spokane 6 |
| BOTTOM OF THE 4TH |
|
Spokane Indians batting - Pitching for Salt Lake City Bees : RHP Donnie Hill
|
|
Batting: LHB Dave Stockstill
|
0-0: Called Strike 0-1: Foul Ball, location: 2F 0-2: Ball 1-2: Ball 2-2: Ball 3-2: Base on Balls
|
|
Batting: RHB Jeffrey Ronk
|
0-0: Fly out, F9 (Flyball, 89S, EV 88.8 MPH)
|
|
Batting: RHB Craig Landis
|
0-0: Called Strike 0-1: Ball 1-1: Ball Wild Pitch! Dave Stockstill to second 2-1: Ball 3-1: Base on Balls
|
|
Batting: RHB John Hanley
|
0-0: Called Strike 0-1: Grounds into double play, 6-4-3 (Groundball, 6, EV 89.4 MPH)
|
| Bottom of the 4th over - 0 runs, 0 hits, 0 errors, 1 left on base; Salt Lake City 8 - Spokane 6 |
| TOP OF THE 5TH |
|
Salt Lake City Bees batting - Pitching for Spokane Indians : RHP Rich Aspenleiter
|
|
Batting: RHB Reid Nichols
|
0-0: Ball 1-0: SINGLE (Line Drive, 7S, EV 109.4 MPH)
|
|
Batting: RHB Antonio Baca
|
0-0: Bunted foul 0-1: Bunt missed! 0-2: Foul Ball, location: 2F 0-2: Ball 1-2: Ground out 5-3 (Groundball, 56, EV 81.3 MPH) Reid Nichols to second
|
|
Batting: LHB Mike Cole
|
0-0: Ball 1-0: Ball 2-0: Ball 3-0: Base on Balls
|
|
Batting: RHB Robert Potts
|
0-0: Called Strike 0-1: Called Strike Reid Nichols steals 3rd base Mike Cole to second 0-2: Ball 1-2: Ball 2-2: Foul Ball, location: 2F 2-2: Foul Ball, location: 2F 2-2: Foul Ball, location: 2F 2-2: SINGLE (Flyball, 4D, EV 95.0 MPH) Reid Nichols scores Mike Cole to third Runner from 3rd tries for Home, throw by CF and OUT! 8-2 Robert Potts to second
|
|
Batting: LHB Eric Attaway
|
0-0: Swinging Strike 0-1: Foul Ball, location: 2F 0-2: Ball 1-2: Foul Ball, location: 2F 1-2: Ball 2-2: Ground out 6-3 (Groundball, 4MS, EV 88.8 MPH)
|
| Top of the 5th over - 1 run, 2 hits, 0 errors, 1 left on base; Salt Lake City 9 - Spokane 6 |
| BOTTOM OF THE 5TH |
|
Spokane Indians batting - Pitching for Salt Lake City Bees : RHP Donnie Hill
|
|
Batting: RHB John Almon
|
0-0: Called Strike 0-1: Swinging Strike 0-2: Ball 1-2: Ball 2-2: Ball 3-2: Base on Balls
|
|
Batting: RHB Larry Fobbs
|
0-0: Bunt missed! 0-1: Sac Bunt to 13 - play at first, batter OUT! 1-4 John Almon to second
|
|
Batting: SHB Jose Oquendo
|
0-0: DOUBLE (Line Drive, 78D, EV 101.9 MPH) John Almon scores
|
|
Batting: LHB Stu Pederson
|
0-0: Ball 1-0: Ball 2-0: Ball 3-0: Base on Balls
|
|
Batting: SHB Mark Gillaspie
|
0-0: Called Strike 0-1: Called Strike Jose Oquendo steals 3rd, throwing error, E2 Jose Oquendo scores Stu Pederson to third 0-2: Ball 1-2: SINGLE (Groundball, 4MD, EV 95.0 MPH) Stu Pederson scores
|
|
Batting: LHB Dave Stockstill
|
0-0: Called Strike 0-1: Ball 1-1: Ball Mark Gillaspie steals 2nd base 2-1: Fly out, F4 (Flyball, 4D, EV 85.0 MPH)
|
|
Batting: RHB Jeffrey Ronk
|
0-0: Ball 1-0: Ball 2-0: Called Strike 2-1: Ball Wild Pitch! Mark Gillaspie to third 3-1: Base on Balls
|
|
Pitching: RHP Bill Lyons
|
|
|
Batting: RHB Craig Landis
|
0-0: Swinging Strike 0-1: Ball 1-1: Ball Wild Pitch! Mark Gillaspie scores Jeffrey Ronk to second 2-1: Foul Ball, location: 2F 2-2: Ball 3-2: Foul Ball, location: 2F 3-2: Base on Balls
|
|
Batting: RHB John Hanley
|
0-0: Called Strike 0-1: Hit by Pitch Jeffrey Ronk to third Craig Landis to second
|
|
Batting: RHB John Almon
|
0-0: Ball 1-0: Called Strike 1-1: Swinging Strike 1-2: Ground out U3 (Groundball, 3, EV 83.8 MPH)
|
| Bottom of the 5th over - 4 runs, 2 hits, 1 error, 3 left on base; Salt Lake City 9 - Spokane 10 |
| TOP OF THE 6TH |
|
Salt Lake City Bees batting - Pitching for Spokane Indians : RHP Rich Aspenleiter
|
|
Batting: LHB Thomas Dorsey
|
0-0: DOUBLE (Line Drive, 78D, EV 98.1 MPH)
|
|
Batting: RHB William Cole
|
0-0: Foul Ball, location: 2F 0-1: Foul Ball, location: 2F 0-2: Ball 1-2: Ball 2-2: Foul Ball, location: 2F 2-2: Ball 3-2: Foul Ball, location: 2F 3-2: Hit by Pitch
|
|
Batting: RHB Darnell Coles
|
0-0: Bunt missed! 0-1: Bunt missed! 0-2: DOUBLE (Groundball, 5L, EV 97.5 MPH) Thomas Dorsey scores William Cole to third
|
|
Batting: RHB Darrell Miller
|
0-0: Foul Ball, location: 2F 0-1: Ground out U3 (Groundball, 34S, EV 66.9 MPH)
|
|
Batting: RHB Reid Nichols
|
0-0: Intentional Walk
|
|
Batting: RHB Antonio Baca
|
0-0: Ball 1-0: Called Strike 1-1: Swinging Strike 1-2: Foul Ball, location: 2F 1-2: Strikes out swinging
|
|
Batting: LHB Mike Cole
|
0-0: Swinging Strike 0-1: Swinging Strike 0-2: Ball 1-2: Ball 2-2: Strikes out swinging
|
| Top of the 6th over - 1 run, 2 hits, 0 errors, 3 left on base; Salt Lake City 10 - Spokane 10 |
| BOTTOM OF THE 6TH |
|
Spokane Indians batting - Pitching for Salt Lake City Bees : RHP Bill Lyons
|
|
Batting: RHB Larry Fobbs
|
0-0: Called Strike 0-1: Swinging Strike 0-2: Fly out, F4 (Flyball, 3D, EV 87.5 MPH)
|
|
Batting: SHB Jose Oquendo
|
0-0: Ball 1-0: Called Strike 1-1: Ground out 4-3 (Groundball, 4M, EV 78.8 MPH)
|
|
Batting: LHB Stu Pederson
|
0-0: Ball 1-0: Called Strike 1-1: SINGLE (Line Drive, 9S, EV 90.6 MPH)
|
|
Batting: SHB Mark Gillaspie
|
0-0: Ball 1-0: Called Strike 1-1: Ball 2-1: Called Strike 2-2: Ball 3-2: Foul Ball, location: 2F 3-2: SINGLE (Line Drive, 78M, EV 95.0 MPH) Stu Pederson to second Stu Pederson to third
|
|
Batting: LHB Dave Stockstill
|
0-0: Ball 1-0: Ball 2-0: Ball 3-0: Base on Balls Mark Gillaspie to second
|
|
Batting: RHB Jeffrey Ronk
|
0-0: Called Strike 0-1: Ball 1-1: Ball 2-1: Ball 3-1: Base on Balls Stu Pederson scores Mark Gillaspie to third Dave Stockstill to second
|
|
Batting: RHB Craig Landis
|
0-0: DOUBLE (Flyball, 89XD, EV 95.6 MPH) Mark Gillaspie scores Dave Stockstill scores Jeffrey Ronk to third
|
|
Batting: RHB John Hanley
|
0-0: Ball 1-0: Ball 2-0: Called Strike 2-1: Ball Wild Pitch! Jeffrey Ronk scores Craig Landis to third 3-1: DOUBLE (Line Drive, 8LXD, EV 98.8 MPH) Craig Landis scores
|
|
Batting: RHB John Almon
|
0-0: Ball Passed Ball! John Hanley to third 1-0: Foul Ball, location: 2F 1-1: TRIPLE (Flyball, 8LXD, EV 98.8 MPH) John Hanley scores
|
|
Batting: RHB Larry Fobbs
|
0-0: TRIPLE (Line Drive, 78XD, EV 96.9 MPH) John Almon scores
|
|
Batting: SHB Jose Oquendo
|
0-0: Swinging Strike 0-1: Ground out 4-3 (Groundball, 4, EV 86.3 MPH)
|
| Bottom of the 6th over - 7 runs, 6 hits, 0 errors, 1 left on base; Salt Lake City 10 - Spokane 17 |
| TOP OF THE 7TH |
|
Salt Lake City Bees batting - Pitching for Spokane Indians : RHP Rich Aspenleiter
|
|
Batting: RHB Robert Potts
|
0-0: Called Strike 0-1: Called Strike 0-2: Ball 1-2: Foul Ball, location: 2F 1-2: Foul Ball, location: 2F 1-2: Strikes out swinging
|
|
Batting: LHB Eric Attaway
|
0-0: Called Strike 0-1: Foul Ball, location: 2F 0-2: SINGLE (Groundball, 6D, EV 109.4 MPH)
|
|
Pitching: RHP Keith Call
|
|
|
Batting: LHB Thomas Dorsey
|
0-0: Swinging Strike 0-1: Called Strike 0-2: Ball 1-2: Ball 2-2: Foul Ball, location: 2F 2-2: Foul Ball, location: 2F 2-2: Ball 3-2: Strikes out swinging
|
|
Batting: RHB William Cole
|
0-0: Called Strike 0-1: Ball 1-1: Fly out, F2 (Popup, 23F, EV 86.9 MPH)
|
| Top of the 7th over - 0 runs, 1 hit, 0 errors, 1 left on base; Salt Lake City 10 - Spokane 17 |
| BOTTOM OF THE 7TH |
|
Spokane Indians batting - Pitching for Salt Lake City Bees : RHP Bill Lyons
|
|
Batting: LHB Stu Pederson
|
0-0: SINGLE (Line Drive, 4MD, EV 95.6 MPH)
|
|
Batting: SHB Mark Gillaspie
|
0-0: Ball 1-0: Called Strike 1-1: Ball 2-1: Swinging Strike 2-2: Foul Ball, location: 2F 2-2: Ball 3-2: Base on Balls Stu Pederson to second
|
|
Batting: LHB Dave Stockstill
|
0-0: Ball 1-0: Grounds into double play, 4-6-3 (Groundball, 4, EV 106.9 MPH) Stu Pederson to third
|
|
Batting: RHB Jeffrey Ronk
|
0-0: Ground out 6-3 (Groundball, 56, EV 80.0 MPH)
|
| Bottom of the 7th over - 0 runs, 1 hit, 0 errors, 1 left on base; Salt Lake City 10 - Spokane 17 |
| TOP OF THE 8TH |
|
Salt Lake City Bees batting - Pitching for Spokane Indians : RHP Keith Call
|
|
Batting: RHB Darnell Coles
|
0-0: Called Strike 0-1: Ball 1-1: Foul Ball, location: 2F 1-2: Ball 2-2: Foul Ball, location: 2F 2-2: Foul Ball, location: 2F 2-2: Fly out, F8 (Flyball, 8LD, EV 102.5 MPH)
|
|
Batting: RHB Darrell Miller
|
0-0: Called Strike 0-1: Swinging Strike 0-2: Foul Ball, location: 2F 0-2: Foul Ball, location: 2F 0-2: Strikes out swinging
|
|
Batting: RHB Reid Nichols
|
0-0: Ball 1-0: Foul Ball, location: 2F 1-1: DOUBLE (Flyball, 8RXD, EV 105.6 MPH)
|
|
Batting: RHB Antonio Baca
|
0-0: Ball 1-0: Called Strike 1-1: Swinging Strike 1-2: Ground out 5-3 (Groundball, 56, EV 105.6 MPH)
|
| Top of the 8th over - 0 runs, 1 hit, 0 errors, 1 left on base; Salt Lake City 10 - Spokane 17 |
| BOTTOM OF THE 8TH |
|
Spokane Indians batting - Pitching for Salt Lake City Bees : RHP Bill Lyons
|
|
Pitching: RHP Kevin Jacobson
|
|
|
Batting: RHB Craig Landis
|
0-0: Ball 1-0: Swinging Strike 1-1: Ball 2-1: Fly out, F9 (Flyball, 9LM, EV 108.8 MPH)
|
|
Batting: RHB John Hanley
|
0-0: Ball 1-0: Ball 2-0: Ball 3-0: Base on Balls
|
|
Batting: RHB John Almon
|
0-0: Called Strike 0-1: Foul Ball, location: 2F 0-2: Ball 1-2: Fly out, F9 (Flyball, 9, EV 89.4 MPH)
|
|
Batting: RHB Larry Fobbs
|
0-0: Swinging Strike 0-1: Ground out 4-3 (Groundball, 4, EV 80.6 MPH)
|
| Bottom of the 8th over - 0 runs, 0 hits, 0 errors, 1 left on base; Salt Lake City 10 - Spokane 17 |
| TOP OF THE 9TH |
|
Salt Lake City Bees batting - Pitching for Spokane Indians : RHP Keith Call
|
|
Batting: LHB Mike Cole
|
0-0: Ball 1-0: Called Strike 1-1: Foul Ball, location: 2F 1-2: Foul Ball, location: 2F 1-2: Ball 2-2: Ball 3-2: Ground out 6-3 (Groundball, 56, EV 105.0 MPH)
|
|
Batting: RHB Robert Potts
|
0-0: Ball 1-0: Ball 2-0: Called Strike 2-1: Ball 3-1: Base on Balls
|
|
Batting: LHB Eric Attaway
|
0-0: Called Strike 0-1: Fly out, F5 (Popup, 5F, EV 61.9 MPH)
|
|
Batting: LHB Thomas Dorsey
|
0-0: Foul Ball, location: 2F 0-1: Ball 1-1: Swinging Strike 1-2: Ball 2-2: Foul Ball, location: 2F 2-2: Ball 3-2: Strikes out swinging
|
| Top of the 9th over - 0 runs, 0 hits, 0 errors, 1 left on base; Salt Lake City 10 - Spokane 17 |
|